Description

Factory expand

VOD

https://www.youtube.com/watch?v=G2MraQl2JaA

Replay - HeroMarine v souL: Game 1 - Nightshade LE

Build Order

Get SALT Encoding   

  12  0:00  SCV  
  13  0:12  SCV  
  14  0:17  Supply Depot  
  14  0:24  SCV  
  14  0:27  Refinery  
  15  0:38  SCV  
  16  0:44  Barracks  
  16  0:50  SCV  
  16  0:54  Refinery  
  17  1:03  SCV  Send SCV to scout
  18  1:15  SCV  
  19  1:30  Orbital Command  
  19  1:31  Factory  3 SCV from Refinary to Minerals
  19  1:35  Reaper  
  20  1:42  Supply Depot  
  20  1:56  SCV  First mule
  21  2:07  Reaper  
  21  2:08  SCV  
  23  2:15  Hellion  
  25  2:20  SCV  
  26  2:28  Command Center  By SCV from scouting
  26  2:35  Supply Depot  
  27  2:37  Factory Tech Lab  
  27  2:40  Barracks Reactor  Return 3 SCV to Refinary
  28  2:56  Cyclone  Point main CC to natural minerals
  32  3:03  Starport  Second mule
  33  3:17  Marine x2  
  33  3:19  Refinery  
  36  3:28  Siege Tank  
  39  3:39  Marine x2  
  39  3:40  Starport Tech Lab  
  42  3:44  Orbital Command  Send hellion to scout
  43  3:57  Marine x2  
  43  3:59  Raven  
  47  4:00  Supply Depot  
  52  4:19  Siege Tank  Third and fourth mules on natural minerals
  52  4:20  Marine  
  54  4:25  Supply Depot  x2
  54  4:27  Marine  
  57  4:38  Marine  
  58  4:42  Raven  
  62  4:52  Marine  
  66  5:08  Siege Tank  
  66  5:12  Command Center  
  72  5:25  Raven  
  78  5:44  Barracks x2  
  78  5:47  Siege Tank  
  78  5:48  Refinery  
  85  6:00  Engineering Bay x2  
  85  6:15  Stimpack  After swapping Barracs and Starport
  86  6:23  Viking x2  Throw a scan on opponent main, Moveout for opponent third push
  95  6:27  Orbital Command  
  95  6:30  Terran Infantry Armor Level 1, Terran Infantry Weapons Level 1  
  95  6:31  Barracks Tech Lab  
  95  6:32  Barracks Reactor x2  
  92  6:36  Barracks x2  
  95  6:49  Siege Tank  
  94  7:03  Viking x2  
  92  7:15  Orbital Command  Move to third as soon as ready
  92  7:30  Barracks Reactor x2  
  92  7:31  Orbital Command  
  96  7:37  Armory  
  97  7:44  Siege Tank  
  97  7:47  Refinery x2  
  102  8:30  Siege Tank  
  102  8:33  Medivac x2  
  111  8:37  Terran Infantry Weapons Level 2  
  111  8:40  Terran Infantry Armor Level 2  
  111  8:46  Terran Vehicle Weapons Level 1  
  111  8:47  Combat Shield  
  111  8:51  Sensor Tower  
  118  9:06  Siege Tank  
  118  9:07  Medivac  
  129  9:19  Medivac  
  134  9:29  Command Center  
  134  9:32  Factory  
  134  9:38  Siege Tank  
Spawning Tool Build Advisor. Get it on Overwolf

Go to:

Details

  • Created by: ringostar
  • Published on: Apr 01, 2020
  • Modified on: Apr 01, 2020
  • Patch: 4.11.0
Show
View Real Time Build Order
Export as new Build Order

Comments (0)

There are no comments. Be the first!

Create an account to comment!